Map: Dusk Towers

Players

theWalrus

  • Race: Terran Terran
  • League: Master

Womec - Winner!

  • Race: Terran Terran
  • League: Master

VOD

Have the link to the VOD?

Description

Time

  • Played on: April 21, 2016, 8:55 p.m.
  • Length: 9:11
Show
View Real Time Build Order
Export as new Build Order

theWalrus Terran 

Build Orders: Reaper Expand, Mech 

Get SALT Encoding   

  12  0:01  SCV  
  13  0:13  SCV  
  14  0:20  Supply Depot  
  14  0:25  SCV  
  15  0:41  SCV  
  16  0:44  Barracks  
  16  0:49  Refinery  
  16  0:54  SCV  
  17  1:06  SCV  
  18  1:18  SCV  
  19  1:32  Orbital Command  
  19  1:36  Reaper  
  20  1:43  Command Center  
  20  1:55  Supply Depot  
  20  1:59  SCV  
  21  2:08  Marine  
  21  2:13  SCV  
  23  2:21  Factory  
  23  2:26  SCV  
  23  2:29  Barracks Reactor  
  24  2:40  SCV  
  25  2:45  Command Center  
  25  2:52  SCV  
  25  2:54  Orbital Command  
  26  3:04  SCV  
  27  3:10  Starport  
  27  3:16  Hellion x2, SCV  
  32  3:20  SCV  
  32  3:25  Barracks Reactor  
  32  3:26  Refinery  
  33  3:33  SCV  
  34  3:37  Hellion, SCV  
  34  3:38  Hellion  
  39  3:47  Supply Depot  
  39  3:50  SCV  
  39  3:54  SCV  
  41  3:55  Engineering Bay  
  41  3:57  Orbital Command  
  41  4:07  SCV  
  41  4:09  SCV  
  43  4:12  Hellion x2  
  43  4:15  Viking  
  49  4:19  Viking  
  49  4:21  SCV  
  49  4:23  SCV  
  53  4:26  SCV  
  53  4:36  Hellion x2  
  57  4:42  Supply Depot, SCV  
  58  4:48  Orbital Command  
  58  4:50  Viking x2  
  62  4:54  SCV  
  63  5:04  Hellion x2  
  63  5:05  SCV  
  63  5:06  Supply Depot  
  68  5:08  SCV  
  69  5:15  SCV  
  69  5:17  SCV  
  69  5:21  Missile Turret  
  71  5:23  Medivac x2  
  71  5:24  Missile Turret  
  71  5:25  SCV  
  71  5:27  SCV  
  77  5:28  Refinery  
  76  5:36  Armory  
  76  5:38  Refinery, SCV x2  
  78  5:45  Supply Depot  
  78  5:46  SCV  
  78  5:47  Hellion x2  
  83  5:50  Supply Depot, SCV  
  83  5:54  Missile Turret  
  85  5:57  SCV  
  85  5:59  Missile Turret  
  85  6:06  Medivac x2  
  85  6:07  SCV x2  
  91  6:17  SCV  
  92  6:18  Missile Turret  
  92  6:22  Supply Depot x2  
  92  6:23  Supply Depot  
  92  6:29  Hellion x2  
  96  6:36  Barracks Tech Lab  
  96  6:37  SCV  
  96  6:38  Factory, SCV  
  98  6:40  Factory  
  98  6:46  Medivac  
  98  6:47  SCV  
  101  6:49  SCV  
  101  6:53  SCV  
  103  6:54  Refinery  
  103  6:55  Refinery  
  103  6:59  SCV  
  104  7:02  SCV  
  104  7:03  Hellion x2, Missile Turret  
  104  7:07  Sensor Tower  
  109  7:11  SCV  
  109  7:12  Missile Turret  
  109  7:13  Terran Vehicle Weapons Level 1  
  110  7:16  Sensor Tower  
  110  7:17  Missile Turret  
  110  7:20  Supply Depot  
  110  7:21  Supply Depot  
  110  7:24  Factory  
  110  7:25  Supply Depot  
  110  7:29  Siege Tank  
  113  7:30  Factory Tech Lab  
  111  7:37  SCV  
  111  7:38  Factory  
  111  7:42  SCV  
  113  7:47  Hellion x2  
  117  7:52  Hellion  
  119  7:58  Command Center  
  119  8:01  Supply Depot, Hellion  
  119  8:02  SCV  
  119  8:03  Supply Depot, Missile Turret  
  119  8:04  Supply Depot, Hi-Sec Auto Tracking  
  123  8:05  SCV  
  123  8:16  Siege Tank  
  123  8:17  Factory Tech Lab  
  123  8:18  Hellion x2  
  130  8:23  Viking  
  130  8:24  Missile Turret  
  132  8:27  SCV  
  132  8:29  Missile Turret, SCV  
  132  8:31  Hellion  
  139  8:55  SCV  
  126  8:56  SCV  
  126  8:59  SCV  
Show
View Real Time Build Order
Export as new Build Order

Womec Terran - Winner!

Build Orders: Reaper Expand, Mech 

Get SALT Encoding   

  12  0:00  SCV  
  13  0:13  SCV  
  14  0:18  Supply Depot  
  14  0:25  SCV  
  15  0:40  SCV  
  16  0:43  Barracks  
  16  0:46  Refinery  
  16  0:52  SCV  
  17  1:04  SCV  
  18  1:16  SCV  
  19  1:31  Reaper  
  21  1:33  Orbital Command  
  20  1:50  Command Center  
  20  1:59  SCV  
  21  2:03  Marine  
  21  2:07  Supply Depot  
  22  2:13  SCV  
  22  2:14  Factory  
  23  2:25  Barracks Reactor  
  23  2:29  SCV  
  24  2:34  Refinery  
  24  2:41  SCV  
  25  2:53  SCV  
  26  2:59  Factory Tech Lab  
  26  3:00  Supply Depot  
  26  3:01  Marine x2  
  26  3:05  Orbital Command  
  28  3:06  Starport  
  28  3:11  SCV  
  29  3:20  Marine  
  29  3:21  Marine  
  29  3:23  SCV  
  29  3:24  Engineering Bay  
  32  3:28  Siege Tank  
  32  3:34  SCV  
  36  3:35  SCV  
  36  3:41  Marine x2  
  38  3:46  SCV  
  38  3:47  SCV  
  41  3:50  Viking  
  43  3:57  Missile Turret  
  43  4:02  Missile Turret  
  43  4:05  SCV  
  43  4:06  SCV  
  43  4:09  Missile Turret  
  45  4:17  SCV  
  45  4:20  Siege Tank  
  45  4:21  Marine x2  
  51  4:25  SCV  
  51  4:32  Viking, SCV  
  54  4:39  Refinery  
  54  4:40  Supply Depot  
  54  4:41  SCV  
  54  4:42  Supply Depot  
  54  5:02  Marine x2, SCV x2  
  58  5:07  Supply Depot  
  58  5:14  Starport Reactor, SCV  
  58  5:16  Factory  
  58  5:20  Factory  
  59  5:29  Barracks Reactor  
  59  5:33  Infernal Pre-Igniter  
  59  5:36  SCV x2  
  59  5:42  Supply Depot  
  61  5:43  Supply Depot  
  61  5:45  Armory  
  61  5:48  SCV  
  62  5:55  Hellion  
  62  5:56  Medivac  
  66  5:58  SCV  
  66  6:00  SCV  
  68  6:05  Medivac  
  68  6:10  SCV  
  71  6:12  SCV  
  71  6:13  Supply Depot  
  71  6:17  Hellion x4  
  71  6:18  Supply Depot  
  80  6:23  Hellion, SCV  
  80  6:24  SCV  
  84  6:26  Medivac  
  86  6:36  Supply Depot  
  86  6:39  Hellion x4  
  94  6:40  Supply Depot  
  94  6:52  Siege Tank, Medivac  
  98  7:00  Hellion x2  
  98  7:01  Supply Depot, Hellion x2  
  106  7:04  Supply Depot  
  106  7:17  Medivac  
  106  7:22  Hellion x4  
  116  7:24  Siege Tank  
  116  7:25  Medivac  
  121  7:34  Missile Turret  
  121  7:40  Supply Depot x2  
  121  7:41  Supply Depot  
  121  7:43  Hellion x4  
  129  7:47  Viking  
  131  7:55  Viking  
  133  8:01  Siege Tank  
  136  8:13  Hellion x2  
  136  8:14  Hellion  
  136  8:16  Hellion  
  144  8:24  Command Center  
  144  8:25  Missile Turret  
  124  9:04  Factory  
  124  9:05  Factory  
Tags
 
Add a new tag
Caveats
  • Supply blocks, unpowered buildings, or Contaminate may cause inaccurate times.
  • Supply counts are checked every 10 seconds.